 Dungeon Crawl Stone Soup version 0.16-a0-3272-g378764d (webtiles) character file.

353 Pietere the Chopper (level 6, -4/53 HPs)
             Began as a Hill Orc Fighter on May 31, 2015.
             Slain by an orc warrior
             ... wielding a +0 battleaxe
              (10 damage)
             ... on level 4 of the Dungeon.
             The game lasted 00:10:50 (3006 turns).

Pietere the Chopper (Hill Orc Fighter)              Turns: 3006, Time: 00:10:50

Health: -4/53      AC: 10    Str: 24    XL:     6   Next: 62%
Magic:  6/6        EV:  6    Int:  8    God:
Gold:   146        SH: 11    Dex: 15    Spells: 0 memorised, 5 levels left

rFire  . . .     SeeInvis .     a - +1 war axe
rCold  . . .     Clarity  .     j - +0 chain mail
rNeg   . . .     SustAb   .     c - +1 shield
rPois  +         Gourm    .     (no helmet)
rElec  .         Spirit   .     l - +0 cloak
rCorr  .         Warding  .     (no gloves)
rMut   .         Stasis   +     (no boots)
MR     .....                    f - amulet of stasis
Stlth  ..........               u - +3 ring of dexterity
                                r - ring of poison resistance

@: mighty, not resistant to hostile enchantments, extremely unstealthy
A: no striking features
a: no special abilities


You were on level 4 of the Dungeon.
You were hungry.

You visited 1 branch of the dungeon, and saw 4 of its levels.

You collected 146 gold pieces.

Inventory:

Hand weapons
 a - a +1 war axe (weapon)
Armour
 b - a +0 scale mail
 c - a +1 shield (worn)
 j - a +0 chain mail (worn)
 l - a +0 cloak (worn)
Jewellery
 f - an amulet of stasis (around neck)
 r - a ring of poison resistance (left hand)
 u - a +3 ring of dexterity (right hand)
Magical devices
 s - a wand of flame (18)
 y - a wand of digging (3)
Scrolls
 h - 2 scrolls of amnesia
 n - a scroll of magic mapping
 p - a scroll of blinking {unknown}
 q - 2 scrolls of identify
 t - 2 scrolls of remove curse
 A - a scroll of random uselessness {unknown}
Potions
 e - a potion of might
 g - 2 potions of lignification {unknown}
 i - 2 potions of haste {unknown}
 m - a potion of agility {unknown}
 o - a potion of heal wounds {unknown}
 w - a potion of poison {unknown}
 x - a potion of berserk rage {unknown}
Comestibles
 d - 2 meat rations
 k - 4 fruits
 v - 2 bread rations


   Skills:
 + Level 4.3 Fighting
 + Level 5.4 Axes
 + Level 4.8 Armour
 + Level 5.2 Shields


You had 5 spell levels left.
You didn't know any spells.

Dungeon Overview and Level Annotations

Branches:
Dungeon (4/15)
 Temple: D:4-7

Altars:
Okawaru
Trog


Message History

The orc warrior is moderately wounded.
The orc warrior hits you with a battleaxe.
You hit the orc warrior but do no damage.
The orc warrior is moderately wounded.
The orc warrior hits you with a battleaxe.
You hit the orc warrior but do no damage.
The orc warrior is moderately wounded.
The orc warrior hits you with a battleaxe!
You hit the orc warrior but do no damage.
The orc warrior is moderately wounded.
The orc warrior hits you with a battleaxe.
* * * LOW HITPOINT WARNING * * *
Drink which item? (? for menu, Esc to quit)
You feel very mighty all of a sudden.
The orc warrior hits you with a battleaxe!
* * * LOW HITPOINT WARNING * * *
You hit the orc warrior.
The orc warrior is heavily wounded.
The orc warrior hits you with a battleaxe!
You die...

............#...##o........####+#
............#...##o........##...#
............#...##'#####...##...#
............+...##....##'####...#
...^........#...##o...+)........#
............#...##o...#.........#
............+...##'#####...##...#
............#...##o...##...##...'
............#...@oo.............#
............#...##..............#
..).........###'##..#####+###...#
............#...###+####...##)..#
....>.......#........#..........#
............#........+..........#
............#...##..##...<.##...#
............'...##..##.....##...#
.†..........#'####....(((.......#


You could see an orc warrior and 2 orcs.

Vanquished Creatures
  Duvessa (D:4)
  Dowan (D:4)
  An orc priest (D:4)
  An orc wizard (D:4)
  A hound skeleton (D:4)
  7 adders
  A giant mite (D:2)
  3 worms
  3 giant geckos
  3 orcs
  8 giant cockroaches
  11 goblins
  7 hobgoblins
  17 jackals
  A ball python (D:2)
  11 bats
  2 giant newts (D:1)
  5 kobolds
  8 rats
92 creatures vanquished.

Vanquished Creatures (others)
  An orc (D:4)
1 creature vanquished.

Grand Total: 93 creatures vanquished

Notes
Turn   | Place    | Note
--------------------------------------------------------------
     0 | D:1      | Pietere, the Hill Orc Fighter, began the quest for the Orb.
     0 | D:1      | Reached XP level 1. HP: 19/19 MP: 1/1
   102 | D:1      | Reached XP level 2. HP: 24/27 MP: 2/2
   501 | D:2      | Reached XP level 3. HP: 31/33 MP: 3/3
   583 | D:2      | Reached skill level 4 in Shields
   760 | D:2      | Reached XP level 4. HP: 40/40 MP: 4/4
   847 | D:2      | Found an iron altar of Okawaru.
  1533 | D:3      | Reached XP level 5. HP: 35/46 MP: 5/5
  1926 | D:3      | Found a bloodstained altar of Trog.
  2600 | D:4      | Reached skill level 5 in Axes
  2657 | D:4      | Noticed Dowan
  2671 | D:4      | Noticed Duvessa
  2673 | D:4      | Killed Dowan
  2673 | D:4      | Reached skill level 5 in Shields
  2673 | D:4      | Reached XP level 6. HP: 37/52 MP: 6/6
  2682 | D:4      | Killed Duvessa
  2884 | D:4      | Noticed an orc warrior
  3006 | D:4      | Slain by an orc warrior

Action                   |  1- 3 |  4- 6 || total
-------------------------+-------+-------++-------
Melee: War axe           |   106 |   246 ||   352
  Use: Scroll            |       |     9 ||     9
       Potion            |       |     2 ||     2
  Eat: Chunk             |       |     7 ||     7
